 Dungeon Sprint DCSS version 0.25.1-2-g60ff931df9 (webtiles) character file.

Game seed: 17975991631913326503

388 sahdkjhfkaj the Zephyrmancer (level 6, -7/57 HPs)
             Began as a Centaur Air Elementalist on Oct 7, 2020.
             Was an Elder of Sif Muna.
             Killed from afar by a bog body (25 damage)
             ... with a bolt of cold
             ... in the Dungeon (Sprint VII: "The Pits").
             The game lasted 00:02:46 (931 turns).

sahdkjhfkaj the Zephyrmancer (CeAE)                  Turns: 931, Time: 00:02:47

Health: -7/57      AC:  4    Str: 11    XL:     6   Next: 49%
Magic:  1/13       EV:  9    Int: 16    God:    Sif Muna [****..]
Gold:   0          SH:  0    Dex:  9    Spells: 6/14 levels left

rFire    . . .     SeeInvis .   o - staff of energy
rCold    . . .     Gourm    .   (no shield)
rNeg     . . .     Faith    .   a - +0 robe
rPois    .         Spirit   .   (no helmet)
rElec    .         Reflect  .   (no cloak)
rCorr    .         Harm     .   (no gloves)
MR       .....     NoTele   +   (no barding)
Stlth    +.........             (no amulet)
HPRegen  0.19/turn              (no ring)
MPRegen  0.13/turn              (no ring)

@: very slightly contaminated, very quick
A: large, hooves 3, deformed body, speed 2, tough skin 3
a: Channel Magic, Forget Spell, Divine Exegesis, Renounce Religion


You were in the Dungeon.
You worshipped Sif Muna.
Sif Muna was greatly pleased with you.
You were not hungry.

You visited 1 branch

Inventory:

Hand Weapons
 b - a +2 falchion
Armour
 a - a +0 robe (worn)
Magical Staves
 o - an uncursed staff of energy (weapon)
Scrolls
 i - a scroll of blinking
 k - 3 scrolls of remove curse
 l - 5 scrolls of amnesia
 m - a scroll of summoning
 n - 2 scrolls of vulnerability
Potions
 d - 6 potions of curing
 e - 6 potions of heal wounds
 f - a potion of haste
 g - 4 potions of magic
 h - 2 potions of berserk rage
 j - 2 potions of invisibility
Comestibles
 c - 9 rations
 p - 4 chunks of flesh


   Skills:
 + Level 6.0 Fighting
 - Level 1.3 Dodging
 - Level 1.1 Stealth
 + Level 4.9 Spellcasting
 - Level 6.0 Conjurations
 * Level 8.6 Air Magic
 + Level 0.0 Invocations


You had 6 spell levels left.
You knew the following spells:

 Your Spells              Type           Power        Failure   Level  Hunger
a - Shock                 Conj/Air       ####         1%          1    None
s - Static Discharge      Conj/Air       ####....     2%          3    None
x - Airstrike             Air            ####......   4%          4    None

Your spell library contained the following spells:

 Spells                   Type           Power        Failure   Level  Hunger
 Swiftness                Chrm/Air       ###.....     4%          2    None
 Lightning Bolt           Conj/Air       ####......   22%         5    None


Dungeon Overview and Level Annotations

Branches:
Dungeon (1/1)

Altars:
Ashenzari
Cheibriados
Dithmenos
Elyvilon
Fedhas
Gozag
Hepliaklqana
Kikubaaqudgha
Makhleb
Nemelex Xobeh
Okawaru
Qazlal
Ru
Sif Muna
Trog
Uskayaw
Vehumet
Wu Jian
Xom
Yredelemnul
Zin
The Shining One
Beogh
Jiyva
Lugonu


Innate Abilities, Weirdness & Mutations

You have hooves in place of feet.
Armour fits poorly on your strangely shaped body.
You cover ground very quickly.
You have extremely tough skin. (AC +3)


Message History

Press: ? - help, Dir - move target cursor, f/p - bog body
Aim: a bog body (moderately damaged)
You miscast Airstrike.
You are very lightly contaminated with residual magic.
Nothing appears to happen.
The bog body gestures at you while chanting.
The bolt of cold misses you.
Unknown command.
Casting: Airstrike (dangerous; 4% risk of failure)
Confirm with . or Enter, or press ? or * to list all spells.
Aiming: Airstrike (dangerous; 4% risk of failure)
Press: ? - help, Dir - move target cursor, f/p - bog body
Aim: a bog body (moderately damaged)
The air twists around and strikes the bog body!
The bog body is heavily damaged.
The bog body hits you!! The bog body touches you. The bog body freezes you!
Unknown command.
The bog body points at you and mumbles some strange words.
The bolt of cold hits you!!
You die...

#.#..#..#))##.......
#.#..#..#[[##.......
#.##÷#..#'###...<...
#÷#.÷......##.......
#.#........##.......
#'###########.......
#.......# ########
#...#...# #..@#...#
#.##.##.#+#
#...#...#.+
#...#..n#'#
#.......÷.#
###########


You could see a bog body.

Vanquished Creatures
  A flying skull (D)
  A floating eye (D)
  A jelly (D)
  A hound (D)
  A worker ant (D)
  3 adders (D)
  A gnoll (D)
  An ooze (D)
  An adder skeleton (D)
  A leopard gecko (D)
  A giant cockroach (D)
  A jackal (D)
  A ball python (D)
  A rat (D)
16 creatures vanquished.

Notes
Turn   | Place    | Note
-------+----------+-------------------------------------------
     0 | D        | sahdkjhfkaj the Centaur Air Elementalist began the quest
                  | for the Orb.
     0 | D        | Reached XP level 1. HP: 14/14 MP: 3/3
    79 | D        | Reached skill level 1 in Fighting
    79 | D        | Reached skill level 3 in Air Magic
    79 | D        | Reached XP level 2. HP: 23/23 MP: 0/5
   131 | D        | Found a bloodstained altar of Trog.
   131 | D        | Found a shimmering blue altar of Sif Muna.
   131 | D        | Found a viscous altar of Jiyva.
   131 | D        | Found a hazy altar of Hepliaklqana.
   131 | D        | Found an opulent altar of Gozag.
   133 | D        | Found a glowing golden altar of the Shining One.
   133 | D        | Found a glowing silver altar of Zin.
   133 | D        | Found a basalt altar of Yredelemnul.
   133 | D        | Found a shimmering altar of Xom.
   133 | D        | Found an ornate altar of the Wu Jian Council.
   133 | D        | Found a sacrificial altar of Ru.
   133 | D        | Found a stormy altar of Qazlal.
   133 | D        | Found an iron altar of Okawaru.
   133 | D        | Found a sparkling altar of Nemelex Xobeh.
   133 | D        | Found a burning altar of Makhleb.
   133 | D        | Found a blossoming altar of Fedhas.
   133 | D        | Found a white marble altar of Elyvilon.
   133 | D        | Found a shadowy altar of Dithmenos.
   133 | D        | Found a snail-covered altar of Cheibriados.
   134 | D        | Found a radiant altar of Vehumet.
   134 | D        | Found a corrupted altar of Lugonu.
   134 | D        | Found a roughly hewn altar of Beogh.
   135 | D        | Found an ancient bone altar of Kikubaaqudgha.
   135 | D        | Found a hide-covered altar of Uskayaw.
   135 | D        | Found a shattered altar of Ashenzari.
   138 | D        | Became a worshipper of Sif Muna the Loreminder
   177 | D        | Noticed a floating eye
   178 | D        | Paralysed by a floating eye for 2 turns
   184 | D        | Paralysed by a floating eye for 4 turns
   189 | D        | Paralysed by a floating eye for 3 turns
   193 | D        | Killed a floating eye
   193 | D        | Reached skill level 5 in Air Magic
   193 | D        | Reached XP level 3. HP: 24/31 MP: 1/7
   193 | D        | Reached XP level 4. HP: 29/38 MP: 1/8
   279 | D        | Learned a level 4 spell: Airstrike
   283 | D        | Learned a level 3 spell: Static Discharge
   286 | D        | Reached * piety under Sif Muna
   324 | D        | Reached skill level 5 in Conjurations
   324 | D        | Reached skill level 6 in Air Magic
   324 | D        | Reached XP level 5. HP: 34/46 MP: 0/10
   416 | D        | Reached ** piety under Sif Muna
   648 | D        | Noticed a flying skull
   648 | D        | Noticed a wolf
   667 | D        | Killed a flying skull
   667 | D        | Reached *** piety under Sif Muna
   667 | D        | Reached skill level 5 in Fighting
   667 | D        | Reached skill level 7 in Air Magic
   667 | D        | Reached XP level 6. HP: 53/56 MP: 0/12
   691 | D        | Reached skill level 8 in Air Magic
   901 | D        | Reached **** piety under Sif Muna
   923 | D        | Noticed a bog body
   931 | D        | Killed from afar by a bog body

Illustrated notes

Levels and vault maps discovered:
D:        pitsprint [storerooms_1, entrance_room_1, metal_vault_1, armoury_1,
          mini_pit_1, grid_room_1, main_hall_1, silver_pit, the_coven_1,
          the_vestibule_1, steel_vault_3, golden_pit, hallway_of_sentries,
          crystal_vault_2, iron_vault_4, final_vault]

Skill      XL: |  1  2  3  4  5  6 |
---------------+-------------------+-----
Fighting       | 1 3 5 6 |  6.0
Spellcasting   | 2 3 4 |  4.9
Conjurations   | 2 4 5 6 |  6.0
Air Magic      | 3 5 6 7 8 |  8.6
Dodging        | |  1.3
Stealth        | |  1.1

Action                   |  1- 3 |  4- 6 || total
-------------------------+-------+-------++-------
Melee: Unarmed           |     2 |       ||     2
       Kick              |     3 |     1 ||     4
       Staff             |     5 |     8 ||    13
 Cast: Shock             |    10 |    21 ||    31
       Airstrike         |       |     7 ||     7
  Use: Potion            |     1 |       ||     1
Armor: Robe              |     2 |    11 ||    13
Dodge: Dodged            |     5 |     9 ||    14
